 Dungeon Crawl Stone Soup version 0.20-a0-1023-gc4d110f (webtiles) character file.

23 M4edhros the Sneak (level 3, -6/23 HPs)
             Began as an Octopode Artificer on Apr 19, 2017.
             Mangled by Menkaure (19 damage)
             ... on level 4 of the Dungeon.
             The game lasted 00:02:09 (358 turns).

M4edhros the Sneak (Octopode Artificer)              Turns: 358, Time: 00:02:10

Health: -6/23      AC:  1    Str: 11    XL:     3   Next: 0%
Magic:  5/5        EV: 13    Int: 14    God:
Gold:   76         SH:  0    Dex: 13    Spells: 2/2 levels left

rFire    . . .     SeeInvis .   a - +0 short sword
rCold    . . .     Gourm    .   (no shield)
rNeg     . . .     Faith    .   (helmet restricted)
rPois    .         Spirit   .   (no amulet)
rElec    .         Reflect  .   j - -2 ring of intelligence (curse)
rCorr    .         Harm     .   l - +3 ring of intelligence
MR       .....                  (no ring)
Stlth    ++++......             (no ring)
Regen    0.1/turn               (no ring)
MPRegen  0.1/turn               (no ring)
                                (no ring)
                                (no ring)

@: no status effects
A: almost no armour, stealthy swim, amphibious, 8 rings, constrict 8, camouflage
1, gelatinous body 1
a: no special abilities


You were on level 4 of the Dungeon.
You were not hungry.

You visited 1 branch of the dungeon, and saw 4 of its levels.

You collected 76 gold pieces.

Inventory:

Hand Weapons
 a - a +0 short sword (weapon)
Jewellery
 j - a cursed -2 ring of intelligence (left tentacle)
 l - a +3 ring of intelligence (right tentacle)
Wands
 b - a wand of flame (15/48)
 c - a wand of enslavement (14/24)
 d - a wand of random effects (15/48)
Scrolls
 e - a scroll of blinking {unknown}
 i - 2 scrolls of identify {unknown}
 k - a scroll of teleportation {unknown}
 m - a scroll of remove curse {unknown}
 n - a scroll of noise {unknown}
Potions
 g - a potion of brilliance {unknown}
 h - 2 potions of degeneration {unknown}
 o - a potion of haste {unknown}
 p - a potion of curing
Comestibles
 f - 2 bread rations


   Skills:
 - Level 1.0 Fighting
 - Level 1.0 Short Blades
 - Level 2.0 Dodging
 + Level 4.1 Stealth
 - Level 3.2 Evocations


You had 2 spell levels left.
You didn't know any spells.

Dungeon Overview and Level Annotations

Branches:
Dungeon (4/15)
 Temple: D:4-7

Altars:
Nemelex Xobeh

Annotations:
D:4 Edmund, Menkaure, Robin


Innate Abilities, Weirdness & Mutations

You cannot wear most types of armour.
You are very stealthy in the water. (Stealth+)
You are amphibious.
You can wear up to eight rings at the same time.
You can use your tentacles to constrict eight enemies at once.
Your skin changes colour to match your surroundings (Stealth+).
Your rubbery body absorbs attacks. (AC +1, EV +1)


Message History

You kill the goblin!
You have reached level 3!
Your experience leads to an increase in your attributes!
Your base attributes are Str 11, Int 13, Dex 12.
Increase (S)trength, (I)ntelligence, or (D)exterity?
You feel agile.
Found a scroll labeled FIFADU BIDIADU.
Found a stone staircase leading down.
There is a stone staircase leading down here.
i - 2 scrolls labeled FIFADU BIDIADU (gained 1)
You open the gate.
There is an open gate here.
Menkaure, Prince of Dust comes into view.
Found a sparkling altar of Nemelex Xobeh.
Why would you want to do that?
You hit Menkaure. You grab Menkaure.
Menkaure is lightly damaged.
You constrict Menkaure, but do no damage.
Menkaure hits you!!
Ouch! That really hurt!
You die...

##§§.##.≈.##§§§
#§§§§§#...#§§§§
##§§§##...##§§§
###§###...###.#
#######...######
≈......._.......
#######M..######
##§§§##@..##§§§#
#§§§.§#...#§§§§.
#§§§§§#...#§§§§§
#§§§§§#.≈.#§§§§.
##§§§##...##§§§#
...#
#######...######
....
########'''######
....#
##..........# ...
##........###.....


You could see Menkaure.

Vanquished Creatures
  An adder (D:4)
  2 leopard geckos
  A giant cockroach (D:1)
  A goblin (D:4)
  2 hobgoblins
  A kobold (D:1)
  A bat (D:2)
  2 frilled lizards
  2 rats (D:1)
13 creatures vanquished.

Notes
Turn   | Place    | Note
-------+----------+-------------------------------------------
     0 | D:1      | M4edhros the Octopode Artificer began the quest for the Orb.
     0 | D:1      | Reached XP level 1. HP: 13/13 MP: 3/3
    67 | D:1      | Reached skill level 2 in Stealth
   144 | D:2      | Reached XP level 2. HP: 18/18 MP: 4/4
   156 | D:2      | Reached skill level 3 in Stealth
   266 | D:4      | Reached skill level 4 in Stealth
   283 | D:4      | Noticed Edmund
   309 | D:4      | Noticed Robin
   336 | D:4      | Reached XP level 3. HP: 12/23 MP: 5/5
   352 | D:4      | Found a sparkling altar of Nemelex Xobeh.
   352 | D:4      | Noticed Menkaure
   358 | D:4      | Mangled by Menkaure

Vault maps used:
D:1:      evilmike_arrival_hilbert_curve
D:2:      first_bread, uniq_sigmund, uniq_crazy_yiuf_cottage
D:3:      grunt_temple_overflow_order_and_chaos_1,
          chequers_ecumenical_altar_simple_redux,
          nicolae_ru_sacrificial_ziggurat, uniq_natasha
D:4:      nemelex_altar_shiori, uniq_edmund, uniq_robin, uniq_menkaure,
          uniq_eustachio

Skill      XL: |  1  2 |
---------------+-------+-----
Stealth        | 2 4 |  4.1
Fighting       | |  1.0
Short Blades   | |  1.0
Dodging        | |  2.0
Evocations     | |  3.2

Action                   || total
-------------------------++-------
Melee: Short sword       ||    22
       Constrict         ||     8
       Tentacles         ||     2
Evoke: Wand              ||     1
  Use: Potion            ||     1
 Stab: Sleeping          ||     5
Armor: Skin              ||     1
Dodge: Dodged            ||    11
